 Dungeon Crawl Stone Soup version 0.29-a0-472-ge5599a681e (webtiles) character file.

Game seed: 14405358603133311474

154 valliere the Magician (level 5, -2/39 HPs)
             Began as a Djinni Summoner on May 22, 2022.
             Was a Follower of Elyvilon.
             Slain by an orc wizard
             ... wielding a +0 dagger
              (3 damage)
             ... on level 3 of the Dungeon.
             The game lasted 00:11:27 (2383 turns).

valliere the Magician (Djinni Summoner)             Turns: 2383, Time: 00:11:27

Health: -2/39      AC:  2    Str:  7    XL:     5   Next: 62%
Gold:   61         EV: 12    Int: 19    God:    Elyvilon [*.....] SH:  0 Dex: 13

rFire   + + .      SeeInvis .   b - +0 short sword
rCold   x . .      Faith    .   (no shield)
rNeg    . . .      Spirit   .   a - +0 robe
rPois   ∞          Reflect  .   (no helmet)
rElec   .          Harm     .   (no cloak)
rCorr   .          Rampage  .   (no gloves)
Will    .....                   (boots unavailable)
Stlth   ++........              (no amulet)
HPRegen 0.13/turn               (no ring)
MPRegen 0.00/turn               (no ring)

@: flying
A: sickness immunity, fire resistance 2, cold vulnerability 1, float, innate
caster, HP casting, extra vitality 1
a: Renounce Religion, Purification


You were on level 3 of the Dungeon.
You worshipped Elyvilon.
Elyvilon was aware of your devotion.
You visited 1 branch of the dungeon, and saw 3 of its levels.

You collected 61 gold pieces.

Inventory:

Hand Weapons
 b - a +0 short sword (weapon)
Armour
 a - a +0 robe (worn)
Wands
 r - a wand of flame (25)
Scrolls
 c - a scroll of teleportation {unknown}
 j - 2 scrolls of amnesia
 k - a scroll of immolation {unknown}
 m - a scroll of identify
 n - a scroll of enchant weapon {unknown}
 o - a scroll of summoning {unknown}
 p - a scroll of brand weapon {unknown}
 s - a scroll of noise {unknown}
 t - a scroll of blinking {unknown}
Potions
 d - a potion of cancellation {unknown}
 e - 2 potions of curing {unknown}
 f - 3 potions of flight {unknown}
 g - a potion of attraction {unknown}
 h - 3 potions of ambrosia {unknown}
 i - a potion of resistance {unknown}
 l - a potion of haste {unknown}


   Skills:
 + Level 2.5 Fighting
 - Level 2.1 Dodging
 - Level 1.5 Stealth
 * Level 4.5 Spellcasting


You couldn't memorise any spells.
You knew the following spells:

 Your Spells              Type           Power      Damage    Failure   Level
a - Summon Small Mammal   Summ           84%        N/A       1%          1
b - Call Imp              Summ           21%        N/A       3%          2
c - Call Canine Familiar  Summ           21%        N/A       6%          3
d - Summon Guardian Gole  Hex/Summ       21%        N/A       6%          3
e - Summon Lightning Spi  Summ/Air       21%        N/A       21%         4
f - Magic Dart            Conj           84%        1d7       1%          1
g - Wereblood             Tmut           21%        N/A       3%          2
Your spell library was empty.

Dungeon Overview and Level Annotations

Branches:
Dungeon (3/15)

Altars:
Elyvilon
Sif Muna


Innate Abilities, Weirdness & Mutations

You are immune to sickness and miasma.
You are immune to poison.
Your flesh is very heat resistant. (rF++)
You are vulnerable to cold. (rC-)
You float through the air rather than walking.
You learn spells naturally, not from books.
Your magical power is your life essence.
You have superior vitality. (+4 MHP)


Message History

Your hound disappears in a puff of smoke!
An orc comes into view. It is wielding a +0 dagger.
An orc comes into view. It is wielding a +0 short sword.
An orc priest and a giant cockroach come into view.
A nearby plant withers and dies.
Something hits you.
Your quokka bites the orc.
Something hits you.
You hit something.
A nearby plant withers and dies.
Your quokka bites the orc.
Something hits you.
The orc priest invokes the aid of Beogh against you.
Beogh smites you!
You hit something but do no damage. Your quokka misses the orc.
The orc hits you with a +0 dagger. Something hits you.
Your quokka bites the orc.
Casting: Summon Small Mammal (safe; 1% risk of failure)
Confirm with . or Enter, or press ? or * to list all spells.
The giant cockroach bites the plant.
The plant begins to die.
The orc hits you with a +0 dagger.
* * * LOW HITPOINT WARNING * * *
Something hits you.
* * * LOW HITPOINT WARNING * * *
Your quokka barely misses the orc.
Unknown command.
As you read the scroll labelled ATREPH OSEIWEI, it crumbles to dust.
It is a scroll of identify.
j - 2 scrolls of amnesia Something hits you.
* * * LOW HITPOINT WARNING * * *
The orc hits you with a +0 short sword.
* * * LOW HITPOINT WARNING * * *
The orc barely misses you.
Your quokka bites the orc.
The orc dies!
As you read the scroll labelled REVASK IDDAME, it crumbles to dust.
You feel aware of your surroundings.
It was a scroll of magic mapping.
The giant cockroach misses you.
Your hound bites something.
The orc priest closely misses your quokka.
The orc hits you but does no damage.
The kobold hits you with a +2 short sword of electrocution.
* * * LOW HITPOINT WARNING * * *
Something hits you.
You die...

*,**,,,,,,,.K*#******,,,,,**,,,*
*,********,...#.,,,,,,******,,>*
*,,*** *#####...#****** *##.,,*
**,,,* *.........### *##..,,,*
***,***...........#####....,,,*
*,,**.......###.......#**,.,*
******,**........)..##..[####..,*
,,,,,,,,,.......h..........?...,,
***,,,,,,P..P.Pr@K_.)..†P..PPPP,,
**,,,,,.....oBo..............,,
*****,....[.#....##.####..(.<*
**......#######.# *,,.##,*
**..###****#..<># *,,,,,,*
**,.,*****#...#### *,*,,*** **
*,,*,,,,#...#** **,*,,*** ,**
**,*****,.)#** **,,*,,,,,
,,****,,* *,.,** ***,,**,**,*


You could see an orc priest, an orc, a giant cockroach, a kobold, a friendly
hound (summoned) and a friendly quokka (summoned).

Vanquished Creatures
  An orc (D:3)
  A giant cockroach (D:3)
  2 goblins (D:1)
  2 hobgoblins (D:2)
  3 quokkas
  5 ball pythons
  A bat (D:2)
  A frilled lizard (D:2)
  A kobold (D:1)
  A rat (D:1)
18 creatures vanquished.

Vanquished Creatures (collateral kills)
  Terence (D:2)
  Natasha (thrice) (D:2)
  An adder (D:2)
  A dart slug (D:1)
  An orc (D:3)
  5 endoplasms
  3 giant cockroaches
  A goblin (D:2)
  A hobgoblin (D:2)
  2 kobolds
  A quokka (D:2)
  A ball python (D:2)
  A frilled lizard (D:2)
  A rat (D:2)
23 creatures vanquished.

Vanquished Creatures (others)
  5 plants (D:3)
5 creatures vanquished.

Grand Total: 46 creatures vanquished

Notes
Turn   | Place    | Note
-------+----------+-------------------------------------------
     0 | D:1      | valliere the Djinni Summoner began the quest for the Orb.
     0 | D:1      | Reached XP level 1. HP: 15/15 MP: 0/0
   188 | D:1      | Reached XP level 2. HP: 15/22 MP: 0/0
   477 | D:1      | Found a faded altar of an unknown god.
   517 | D:1      | Reached skill level 1 in Fighting
  1068 | D:1      | Prayed at the altar of an unknown god.
  1068 | D:1      | Became a worshipper of Elyvilon the Healer
  1068 | D:1      | Reached * piety under Elyvilon
  1154 | D:2      | Reached XP level 3. HP: 17/27 MP: 0/0
  1154 | D:2      | Learned a level 1 spell: Magic Dart
  1268 | D:2      | Noticed Terence
  1289 | D:2      | Killed Terence
  1290 | D:2      | Reached XP level 4. HP: 13/32 MP: 0/0
  1521 | D:2      | Reached skill level 4 in Spellcasting
  1760 | D:2      | Noticed Natasha
  1768 | D:2      | Killed Natasha
  1855 | D:2      | Noticed Natasha
  1861 | D:2      | Killed Natasha
  1862 | D:2      | Reached XP level 5. HP: 30/38 MP: 0/0
  1862 | D:2      | Learned a level 2 spell: Wereblood
  1890 | D:2      | Noticed Natasha
  1899 | D:2      | Killed Natasha
  2383 | D:3      | HP: 1/39 [kobold/+2 short sword of electrocution (4)]
  2383 | D:3      | Slain by an orc wizard

Illustrated notes

Levels and vault maps discovered:
D:1:      dpeg_arrival_pond, layout_basic, shapermc_ecumenical_altar_flowoftime
D:2:      layout_rooms, palyth_stone_intersect, uniq_terence, uniq_natasha
D:3:      layout_rooms, mainiacjoe_overflow_boulevard

Skill      XL: |  1  2  3  4 |
---------------+-------------+-----
Fighting       | 1 2 |  2.5
Spellcasting   | 4 |  4.5
Dodging        | |  2.1
Stealth        | |  1.5

Action                   |  1- 3 |  4- 6 || total
-------------------------+-------+-------++-------
Melee: Short sword       |    36 |    29 ||    65
       Punch             |     1 |     1 ||     2
 Cast: Summon Small Mamm |    24 |    20 ||    44
       Call Canine Famil |     2 |     8 ||    10
  Use: Scroll            |       |     2 ||     2
 Stab: Sleeping          |     4 |       ||     4
Armor: Robe              |     4 |     3 ||     7
Dodge: Dodged            |    16 |    17 ||    33

Table legend: (Time is in decaauts)
 A = Elapsed time spent in this place.
 B = Non-inter-level travel time spent in this place.
 C = Inter-level travel time spent in this place.
 D = Time resting spent in this place.
 E = Time spent auto-exploring this place.
 F = Levels seen in this place.
 G = Mean time per level.
                   A        B        C        D        E       F      G
               +--------+--------+--------+--------+--------+-----+--------+
         Total |   2394 |   2342 |     52 |      0 |   1983 |   3 |  798.0 |
       Dungeon |   2394 |   2342 |     52 |      0 |   1983 |   3 |  798.0 |
               +--------+--------+--------+--------+--------+-----+--------+

Top non-repeatable levels by time:
     D:2: 1243 daAuts
     D:1: 1113 daAuts
     D:3: 37 daAuts
